Map: 어비설 리프 - 래더

Players

GuMiho - Winner!

  • Race: Terran Terran
  • Spawn Location: 5:00

uThermal

  • Race: Terran Terran
  • Spawn Location: 11:00

Event: IEM XI Katowice - World Championship 2017

VOD

Have the link to the VOD?

Description

Time

  • Played on: March 3, 2017, 3:24 a.m.
  • Length: 7:51

All games in this series

Show
View Real Time Build Order
Export as new Build Order

GuMiho Terran - Winner!

Build Orders:  

Get SALT Encoding   

  12  0:00  SCV  
  13  0:12  SCV  
  14  0:18  Supply Depot  
  14  0:25  SCV  
  15  0:40  SCV  
  15  0:41  Barracks  
  16  0:48  Refinery  
  17  1:00  Barracks  
  16  1:04  SCV  
  17  1:17  SCV  
  18  1:29  Orbital Command  
  18  1:30  Reaper  
  19  1:34  Refinery  
  19  1:47  Supply Depot  
  19  1:48  Reaper  
  20  1:55  SCV  
  21  2:03  Reaper  
  21  2:07  SCV  
  21  2:20  Reaper  
  16  2:38  Reaper  
  10  2:51  SCV  
  7  3:08  Reaper  
  7  3:10  Marine  
  8  3:28  Marine  
  9  3:36  Orbital Command  
  10  3:55  Marine  
  10  4:35  Marine  
  11  5:30  Orbital Command  
  11  6:13  Marine  
  11  6:15  Orbital Command  
  13  6:39  Orbital Command  
  11  7:12  SCV  
  10  7:31  SCV  
Show
View Real Time Build Order
Export as new Build Order

uThermal Terran 

Build Orders:  

Get SALT Encoding   

  12  0:10  Supply Depot  
  12  0:13  SCV  
  13  0:39  Barracks  
  13  0:40  Refinery  
  13  0:54  Barracks  
  13  0:59  SCV  
  14  1:26  Reaper  
  14  1:27  Barracks  
  14  1:31  Refinery  
  15  1:41  Reaper  
  16  1:58  Reaper  
  17  2:02  Supply Depot  
  17  2:15  Reaper  
  17  2:22  Reaper  
  13  2:41  Reaper  

Tags
 
Add a new tag
Caveats
  • Supply blocks, unpowered buildings, or Contaminate may cause inaccurate times.
  • Supply counts are checked every 10 seconds.